 Dungeon Crawl Stone Soup version 0.23.0-28-g6fe0f4dc8b (webtiles) character file.

Game seed: 16915446754637538376

408 Kniotic the Insei (level 6, -1/47 HPs)
             Began as a Demonspawn Monk on Feb 25, 2019.
             Slain by a worker ant (7 damage)
             ... on level 4 of the Dungeon.
             The game lasted 00:06:05 (4135 turns).

Kniotic the Insei (Demonspawn Monk)                 Turns: 4135, Time: 00:06:06

Health: -1/47      AC:  2    Str: 10 (11) XL:     6   Next: 57%
Magic:  6/6        EV: 13    Int: 10 (12) God:
Gold:   163        SH:  0    Dex: 16 (17) Spells: 3/5 levels left

rFire    . . .     SeeInvis .     - Unarmed
rCold    . . .     Gourm    .   (no shield)
rNeg     . . .     Faith    .   a - +0 robe
rPois    .         Spirit   .   (no helmet)
rElec    .         Reflect  .   (no cloak)
rCorr    .         Harm     .   (no gloves)
MR       +....                  (no boots)
Stlth    ++........             (no amulet)
HPRegen  0.15/turn              v - ring of protection from magic
MPRegen  0.10/turn              r - ring of wizardry

@: lethally poisoned (-1 -> -10)
A: claws 2
a: no special abilities


You were on level 4 of the Dungeon.
You were not hungry.

You visited 1 branch of the dungeon, and saw 4 of its levels.

You collected 163 gold pieces.

Inventory:

Armour
 a - a +0 robe (worn)
Jewellery
 p - an uncursed ring of magical power
 r - a ring of wizardry (right claw)
 v - a ring of protection from magic (left claw)
Wands
 s - a wand of paralysis (5)
Scrolls
 f - a scroll of random uselessness {unknown}
 g - a scroll of immolation {unknown}
 h - 3 scrolls of teleportation
 i - a scroll of amnesia {unknown}
 j - 2 scrolls of enchant armour {unknown}
 k - a scroll of fear {unknown}
 l - 4 scrolls of remove curse
 q - a scroll of noise {unknown}
 x - a scroll of identify {unknown}
Potions
 c - a potion of haste
 d - a potion of invisibility {unknown}
 e - a potion of lignification {unknown}
 m - a potion of flight {unknown}
 n - a potion of cancellation {unknown}
 o - a potion of degeneration
 t - 2 potions of might {unknown}
 u - a potion of brilliance {unknown}
 w - a potion of berserk rage {unknown}
Comestibles
 b - 8 rations
 z - 2 chunks of flesh


   Skills:
 - Level 3.0 Fighting
 - Level 2.6 Dodging
 - Level 1.7 Stealth
 + Level 6.8 Unarmed Combat


You had 3 spell levels left.
You knew the following spells:

 Your Spells              Type           Power        Failure   Level  Hunger
a - Animate Skeleton      Necr           N/A          16%         1    ##.....
b - Beastly Appendage     Tmut           #.....       16%         1    ##.....

Your spell library contained the following spells:

 Spells                   Type           Power        Failure   Level  Hunger
 Pain                     Necr           #...         16%         1    ##.....
 Sticks to Snakes         Tmut           #.......     22%         2    ###....
 Regeneration             Chrm/Necr      #.........   41%         3    ####...
 Spider Form              Tmut/Pois      #.........   41%         3    ####...
 Vampiric Draining        Necr           #.........   41%         3    ####...
 Animate Dead             Necr           N/A          80%         4    #####..
 Ice Form                 Ice/Tmut       #.......     80%         4    #####..
 Blade Hands              Tmut           #.........   98%         5    ######.


Dungeon Overview and Level Annotations

Branches:
Dungeon (4/15)
 Temple: D:4-7

Altars:
Makhleb
Qazlal
Trog
Yredelemnul
Zin


Innate Abilities, Weirdness & Mutations

You have very sharp fingernails.


Message History

You feel sick. The worker ant bites you.
You claw the worker ant!
The worker ant is heavily wounded.
The worker ant bites you.
You scratch the worker ant.
The worker ant is severely wounded.
You feel sick. The worker ant bites you!
* * * LOW HITPOINT WARNING * * *
You scratch the worker ant but do no damage.
The worker ant is severely wounded.
The worker ant bites you.
* * * LOW HITPOINT WARNING * * *
You are lethally poisoned!
The worker ant poisons you!
It was a potion of degeneration.
There was something very wrong with that liquid.
You feel weakened.
You feel dopey.
You feel clumsy.
* * * LOW HITPOINT WARNING * * *
You feel sick. The worker ant bites you!
You die...

#.# ... #....
#.#.# ### #######
#.#.. #......
#######.#..
#.#####
#...l...#.a #.#
#.#######.. #.#
#.. #.#
#..############.#
#..a@...........#
##.##############
... ###. ##


You could see a worker ant.

Vanquished Creatures
  2 hounds
  Terence (D:2)
  Jessica (D:2)
  Natasha (thrice) (D:2)
  An iguana (D:4)
  4 worker ants (D:4)
  A hound skeleton (D:4)
  An adder (D:2)
  4 oozes
  A worm (D:2)
  2 dart slugs (D:1)
  2 leopard geckos
  An orc (D:4)
  3 giant cockroaches (D:2)
  7 goblins
  8 hobgoblins
  3 jackals (D:2)
  5 bats
  6 frilled lizards
  5 kobolds
  5 rats
66 creatures vanquished.

Notes
Turn   | Place    | Note
-------+----------+-------------------------------------------
     0 | D:1      | Kniotic the Demonspawn Monk began the quest for the Orb.
     0 | D:1      | Reached XP level 1. HP: 18/18 MP: 1/1
    16 | D:1      | Reached skill level 3 in Unarmed Combat
   245 | D:1      | Gained mutation: You have sharp fingernails. [demonic
                  | ancestry]
   245 | D:1      | Reached XP level 2. HP: 16/24 MP: 2/2
   659 | D:1      | Reached XP level 3. HP: 27/29 MP: 3/3
   869 | D:2      | Reached skill level 4 in Unarmed Combat
  1175 | D:2      | Noticed Jessica
  1181 | D:2      | Killed Jessica
  1181 | D:2      | Reached XP level 4. HP: 35/35 MP: 4/4
  1200 | D:2      | Noticed Terence
  1422 | D:2      | Noticed Natasha
  1431 | D:2      | Killed Natasha
  1553 | D:2      | Reached skill level 5 in Unarmed Combat
  1580 | D:2      | Found a glowing silver altar of Zin.
  2051 | D:2      | Noticed Natasha
  2059 | D:2      | Killed Natasha
  2059 | D:2      | Gained mutation: You have very sharp fingernails. [demonic
                  | ancestry]
  2059 | D:2      | Reached XP level 5. HP: 23/41 MP: 5/5
  2199 | D:2      | Found a bloodstained altar of Trog.
  2242 | D:2      | Found a burning altar of Makhleb.
  2359 | D:3      | Found a basalt altar of Yredelemnul.
  2748 | D:3      | Found a stormy altar of Qazlal.
  3304 | D:4      | Reached skill level 6 in Unarmed Combat
  3337 | D:4      | Reached XP level 6. HP: 23/47 MP: 6/6
  3639 | D:2      | Noticed Natasha
  3649 | D:2      | Killed Natasha
  3666 | D:2      | Killed Terence
  3835 | D:3      | Learned a level 1 spell: Animate Skeleton
  3837 | D:3      | Learned a level 1 spell: Beastly Appendage
  4135 | D:4      | Slain by a worker ant

Skill      XL: |  1  2  3  4  5 |
---------------+----------------+-----
Unarmed Combat | 3 4 5 6 |  6.8
Fighting       | |  3.0
Dodging        | |  2.6
Stealth        | |  1.7

Action                   |  1- 3 |  4- 6 || total
-------------------------+-------+-------++-------
Melee: Unarmed           |    91 |   146 ||   237
       Punch             |     3 |     4 ||     7
 Cast: Beastly Appendage |       |     2 ||     2
       Animate Skeleton  |       |     1 ||     1
  Use: Scroll            |       |     2 ||     2
       Potion            |       |     1 ||     1
 Stab: Sleeping          |     2 |     4 ||     6
  Eat: Chunk             |     1 |     9 ||    10
Armor: Robe              |    17 |    13 ||    30
Dodge: Dodged            |    75 |    76 ||   151
